[Event "7th Sharjah Masters 2024"]
[Site "Sharjah"]
[Date "2024.05.17"]
[Round "4.1"]
[White "Salem, A.R. Saleh"]
[Black "Niemann, Hans Moke"]
[Result "1/2-1/2"]
[ECO "B33"]
[WhiteElo "2629"]
[BlackElo "2689"]
[Annotator "TA"]
[PlyCount "25"]
[EventDate "2024.05.13"]
[EventType "swiss"]
[EventCountry "UAE"]
[SourceTitle "playchess.com"]
[Source "ChessBase"]
[SourceQuality "1"]
[TimeControl "5400+30"]

1. e4 c5 2. Nf3 Nc6 3. d4 cxd4 4. Nxd4 Nf6 5. Nc3 e5 6. Ndb5 d6 7. Bg5 a6 8. Na3 b5 9. Nd5 Be7 10. Bxf6 Bxf6 11. c3 O-O 12. Nc2 Rb8 {[%emt 0:00:09] [#]} 13. h4 $1 {[%emt 0:00:00] Not much happened in this game.   Weighted Error Value: White=0.00 (flawless) /Black=0.00 (flawless) .  OK:         	White=2     	Black=1} 1/2-1/2

[Event "7th Sharjah Masters 2024"]
[Site "Sharjah"]
[Date "2024.05.17"]
[Round "4.2"]
[White "Tabatabaei, M. Amin"]
[Black "Aravindh, Chithambaram VR."]
[Result "1/2-1/2"]
[ECO "E42"]
[WhiteElo "2707"]
[BlackElo "2671"]
[Annotator "RC"]
[PlyCount "150"]
[EventDate "2024.05.13"]
[EventType "swiss"]
[EventCountry "UAE"]
[SourceTitle "playchess.com"]
[Source "ChessBase"]
[SourceQuality "1"]
[TimeControl "5400+30"]

1. d4 Nf6 2. c4 e6 3. Nc3 Bb4 4. e3 c5 5. Bd3 d5 6. cxd5 Nxd5 7. Nge2 cxd4 8. exd4 Nc6 9. O-O O-O 10. a3 Be7 11. Be4 Bf6 12. Qd3 g6 13. Bh6 Bg7 14. Bxg7 Kxg7 15. Rfe1 Qd6 16. Nb5 Qb8 17. Bxd5 exd5 18. Qf3 Be6 19. Rad1 a6 20. Nbc3 Qd6 21. h4 f6 22. Nf4 Bf7 23. Nfxd5 Rad8 24. Ne3 Nxd4 25. Qxb7 Rd7 26. Qb4 Qxb4 27. axb4 Rb8 28. Ncd5 Nb5 29. Nf4 Rd4 30. Nh5+ Kf8 31. Nxf6 Kg7 32. Nd7 Rb7 33. Nc5 Rb6 34. h5 Rxb4 35. Rd7 Rd4 36. h6+ Kg8 37. Ng4 g5 38. Ree7 Bg6 39. Ne5 Rxd7 40. Ncxd7 Rd6 41. Rg7+ Kh8 42. Nf8 Bh5 43. Rxh7+ Kg8 44. Ned7 Nd4 45. Rg7+ Kh8 46. Rh7+ Kg8 47. g4 Ne2+ 48. Kf1 Nf4 49. Rg7+ Kh8 50. Rh7+ Kg8 51. f3 Be8 52. Rg7+ Kh8 53. Rh7+ Kg8 54. Rg7+ Kh8 55. Ne5 Rxh6 56. Re7 Bb5+ 57. Ke1 Kg8 58. Nfd7 Bxd7 59. Nxd7 Rh1+ 60. Kd2 Rh2+ 61. Kd1 Rxb2 62. Nf6+ Kf8 63. Ra7 Nh3 64. Ke1 Ra2 65. Ne4 Ra3 66. Nd2 Nf4 67. Kf2 Ra2 68. Ke3 Nd5+ 69. Ke2 Nf4+ 70. Kd1 Ra1+ 71. Kc2 Ra2+ 72. Kc3 Nd5+ 73. Kd3 Nf4+ 74. Ke3 Nd5+ 75. Ke2 Nf4+ 1/2-1/2

[Event "7th Sharjah Masters 2024"]
[Site "Sharjah"]
[Date "2024.05.17"]
[Round "4.3"]
[White "Shankland, Sam"]
[Black "Puranik, Abhimanyu"]
[Result "1/2-1/2"]
[ECO "D05"]
[WhiteElo "2671"]
[BlackElo "2631"]
[Annotator "TA"]
[PlyCount "82"]
[EventDate "2024.05.13"]
[EventType "swiss"]
[EventCountry "UAE"]
[SourceTitle "playchess.com"]
[Source "ChessBase"]
[SourceQuality "1"]
[TimeControl "5400+30"]

1. d4 d5 2. Nf3 Nf6 3. e3 e6 4. Nbd2 Nbd7 5. Bd3 c5 6. b3 Bd6 7. Bb2 b6 8. O-O Bb7 9. Ne5 O-O 10. f4 cxd4 11. exd4 Ne4 12. Nxe4 dxe4 {[%emt 0:00:30] The position is equal.} 13. Bc4 Qc7 14. Rc1 Rad8 15. Qe2 Kh8 16. Qe3 Nf6 17. Qh3 Nd5 18. Bxd5 exd5 19. f5 Bxe5 20. dxe5 {[%emt 0:00:30][%cal Bd4e5,Be5e6][%mdl 32] aiming for f6.} Qc5+ 21. Kh1 {[%emt 0:00:30] [#] Black must now prevent f6.} d4 22. Rf4 g5 {[%emt 0:00:30] Dodges Rh4} (22... Qxe5 $2 23. Rh4 Kg8 24. Rxh7 $18) (22... h6 $1 $11 23. f6 Qxe5) 23. fxg6 $14 fxg6 24. Rxf8+ Qxf8 25. e6 Kg8 26. Qh4 {[%emt 0:00:30] [#] Prevents Qf6. White wants to mate with e7.} Re8 27. Bxd4 e3 28. Bxe3 {[%emt 0:00:30] Bh6 is the strong threat.} Rxe6 29. Qc4 (29. Qg3 {simplifies} Qd6 30. Qxd6 Rxd6 31. c4) 29... Qf5 {[%emt 0:00:30] ...Qh3 would now be deadly.} 30. Rd1 b5 31. Qd4 Qe4 (31... Bxg2+ $5 32. Kg1 (32. Kxg2 Rxe3 33. Qxe3 Qg4+ 34. Kf2 Qxd1 $11) 32... Qe4 $11 (32... Qxc2 33. Qd8+) (32... Bc6 33. Bh6 $11)) 32. Qxe4 (32. Qxa7 $2 Qxg2#) 32... Bxe4 33. Bxa7 $11 {[%emt 0:00:30][%mdl 4096] Endgame. KRB-KRB} Ra6 34. Rd4 Bxc2 35. Rd2 Rxa2 {[%emt 0:00:30] Black is slightly better.} 36. Bd4 Bxb3 37. Rxa2 Bxa2 38. Kg1 Kf7 39. Kf2 Ke6 40. Ke3 Kd5 41. Bf6 Bb1 {[%emt 0:00:30] Weighted Error Value: White=0.08 (flawless) /Black=0.06 (flawless) .  Mistake:       	---       	Black=1      Inaccurate:     	White=4     	Black=1      OK:         	White=12    	Black=11     Best:        	White=2     	Black=4} 1/2-1/2

[Event "7th Sharjah Masters 2024"]
[Site "Sharjah"]
[Date "2024.05.17"]
[Round "4.4"]
[White "Murzin, Volodar"]
[Black "Sankalp Gupta"]
[Result "1/2-1/2"]
[ECO "C42"]
[WhiteElo "2634"]
[BlackElo "2532"]
[Annotator "RC"]
[PlyCount "53"]
[EventDate "2024.05.13"]
[EventType "swiss"]
[EventCountry "UAE"]
[SourceTitle "playchess.com"]
[Source "ChessBase"]
[SourceQuality "1"]
[TimeControl "5400+30"]

1. e4 e5 2. Nf3 Nf6 3. Nxe5 d6 4. Nf3 Nxe4 5. d4 d5 6. Bd3 Bd6 7. O-O O-O 8. c4 c6 9. Qc2 h6 10. Re1 Be6 11. cxd5 cxd5 12. Bxe4 dxe4 13. Qxe4 Nc6 14. Nc3 Re8 15. Bf4 Bd7 16. Ne5 Nxe5 17. Bxe5 Bxe5 18. dxe5 Bc6 19. Qe3 Qh4 20. Rad1 Rad8 21. a3 a6 22. h3 Qh5 23. Rxd8 Rxd8 24. Ne2 Qg6 25. Nf4 Qc2 26. b4 Kh7 27. Qc1 1/2-1/2

[Event "7th Sharjah Masters 2024"]
[Site "Sharjah"]
[Date "2024.05.17"]
[Round "4.5"]
[White "Petrosyan, Manuel"]
[Black "Erigaisi Arjun"]
[Result "0-1"]
[ECO "C02"]
[WhiteElo "2618"]
[BlackElo "2762"]
[Annotator "TA"]
[PlyCount "92"]
[EventDate "2024.05.13"]
[EventType "swiss"]
[EventCountry "UAE"]
[SourceTitle "playchess.com"]
[Source "ChessBase"]
[SourceQuality "1"]
[TimeControl "5400+30"]

1. e4 e6 2. d4 d5 3. e5 c5 4. c3 Nc6 5. Nf3 Bd7 6. Be2 f6 7. O-O fxe5 8. Nxe5 Nxe5 9. dxe5 Qc7 10. Re1 O-O-O 11. Nd2 Ne7 12. Nf3 {[%emt 0:00:00] next Ng5 is good for White.} Nf5 (12... h6 $11) 13. Ng5 (13. b4 $14) 13... Kb8 14. Bd3 g6 15. Bd2 Bc8 16. Nf3 h6 17. b4 g5 18. h3 Rg8 19. g4 d4 20. c4 (20. gxf5 dxc3 21. Bxc3 c4 $11) (20. Rc1 $1 $14) 20... Ne7 $1 $11 21. b5 b6 22. a4 Bb7 23. a5 Bg7 24. Qe2 (24. Ra3 $11) 24... Rdf8 $1 $15 25. Be4 ({White should play} 25. Nh2 $11) 25... Bxe4 $1 26. Qxe4 {[%emt 0:00:00] [#] axb6 would now be deadly.} Qb7 27. Qxb7+ (27. axb6 Qxe4 28. bxa7+ Ka8 29. Rxe4 Rxf3 $19) 27... Kxb7 28. Ra3 Ng6 29. Kg2 Ra8 30. Kf1 Rgf8 31. Rea1 {[%emt 0:07:00] [#]} Rxf3 $1 32. Rxf3 Nxe5 33. Kg2 Nxf3 (33... a6 {keeps more tension.} 34. bxa6+ Rxa6 35. Rb1 Kc6) 34. Kxf3 $17 {[%emt 0:00:04][%mdl 4096] Endgame. KRB-KRB} Rf8+ 35. Kg2 Be5 (35... e5 $17 {aiming for ...e4.} 36. h4 bxa5 (36... gxh4 37. a6+ Kc8 38. Rh1 $17) 37. hxg5 hxg5 38. Bxg5 e4 39. Rxa5 d3) 36. Re1 (36. axb6 $1 $11 axb6 37. Re1) 36... Bf4 $19 37. Bxf4 Rxf4 38. axb6 (38. a6+ Kc7 39. Rxe6 d3 $19) (38. Rxe6 {was forced.} bxa5 39. Re7+ Kb8 40. Re8+ Kc7 41. Re5) 38... Kxb6 ({Worse is} 38... axb6 39. Rxe6 d3 40. Rd6 $11) 39. Rxe6+ {[%emt 0:00:05] KR-KR} Ka5 40. Ra6+ Kb4 41. Rxa7 {[%emt 0:00:03] Black is clearly winning.} Kxc4 42. b6 {[%emt 0:00:02] b7 is the strong threat.} Rf6 43. Ra6 (43. b7 $142 Rb6 44. Ra6 Rxb7 (44... Rxa6 $2 {loses.} 45. b8=Q $18) 45. Rxh6) 43... Rf8 44. b7 Rb8 45. Rb6 d3 46. Kf1 Kc3 {[%emt 0:00:21] Weighted Error Value: White=0.80/Black=0.16 (very precise) .  Loses game:     	White=1     	---        Mistake:       	White=6     	Black=3      Inaccurate:     	White=3     	---        OK:         	White=9     	Black=11     Best:        	White=4     	Black=3      Strong:       	---       	Black=3} 0-1

[Event "7th Sharjah Masters 2024"]
[Site "Sharjah"]
[Date "2024.05.17"]
[Round "4.6"]
[White "Theodorou, Nikolas"]
[Black "Yu, Yangyi"]
[Result "1/2-1/2"]
[ECO "E12"]
[WhiteElo "2617"]
[BlackElo "2729"]
[Annotator "TA"]
[PlyCount "156"]
[EventDate "2024.05.13"]
[EventType "swiss"]
[EventCountry "UAE"]
[SourceTitle "playchess.com"]
[Source "ChessBase"]
[SourceQuality "1"]
[TimeControl "5400+30"]

1. d4 Nf6 2. c4 e6 3. Nf3 b6 4. a3 Bb7 5. Nc3 d5 6. Qc2 Be7 7. Bf4 {[%emt 0:00:30] E12: Queen's Indian: Unusual White 4th moves, 4 a3, 4 Nc3 Bb7 5 a3 and 4 Nc3 Bb7 .} c5 8. dxc5 bxc5 9. cxd5 exd5 10. e3 O-O 11. Be2 Nbd7 $146 ({Predecessor:} 11... Nh5 12. Bg3 Nd7 13. Rd1 Nb6 14. a4 a5 15. Ng5 Nf6 16. O-O h6 17. Nh3 Rc8 {½-½ Kolanek,R (1942)-Rutten,D (2135) RA-2012-0-00257}) 12. h3 Rc8 13. Rd1 d4 14. exd4 cxd4 15. Rxd4 Qb6 16. Rd1 Nd5 17. Nxd5 Rxc2 18. Nxb6 Nxb6 19. Be5 Be4 20. Nd2 Bg6 21. Nf1 f6 22. Bd4 Nd5 23. Bf3 Nf4 24. Ne3 Rc7 25. g3 Ne6 26. Bc3 Bc5 27. Nd5 Rcc8 28. h4 Bf7 29. O-O Nc7 30. Nxc7 Rxc7 31. Ba5 Rcc8 32. Rfe1 Rfe8 33. Rxe8+ Bxe8 34. Bd5+ Kf8 35. Rc1 Ke7 (35... Bxf2+ $2 $18) 36. Bd2 Bd7 37. Be4 h6 38. Bg6 Rc6 39. Be4 Rc8 $1 40. Bf4 Bb6 41. Re1 Kf8 42. Bd5 Bc7 43. Be3 Bb6 44. Bf4 Bc7 45. Bxc7 Rxc7 46. Re3 Rc5 47. Bf3 Rc2 48. Rb3 a5 49. Rb7 Ke8 50. Kf1 g5 51. hxg5 hxg5 52. Ke1 f5 53. Bd1 Rc5 54. b4 (54. Be2 $16) 54... Re5+ 55. Kd2 Rd5+ 56. Kc1 Kd8 57. Rb8+ (57. Bb3 $16 Rd6 58. bxa5) 57... Kc7 $11 58. Rg8 axb4 59. axb4 ({Don't play} 59. Rxg5 bxa3 60. Rg6 Bb5 $17) 59... g4 60. Bc2 Rd4 61. Rf8 Kd6 62. b5 (62. Bxf5 Ke7 63. Bxd7 Kxf8 $11) 62... Rb4 63. b6 (63. Bxf5 Rxb5 64. Bd3 Ra5) 63... Rxb6 64. Rf6+ (64. Bxf5 Ke7 $16) 64... Kc5 (64... Be6 $11) 65. Rxb6 $16 Kxb6 66. Kd2 f4 67. gxf4 Kc7 68. Ke3 Kd6 69. Ke4 Ke6 70. f5+ Kf6 71. Kf4 Bc8 72. Kxg4 Bd7 73. Kf4 Bc8 74. Be4 Bd7 75. Bb7 (75. f3 $14 {feels stronger.}) 75... Bxf5 $11 76. Be4 Bd7 77. Bb7 Bf5 78. Be4 Bd7 1/2-1/2

[Event "7th Sharjah Masters 2024"]
[Site "Sharjah"]
[Date "2024.05.17"]
[Round "4.7"]
[White "Sarana, Alexey"]
[Black "Vakhidov, Jakhongir"]
[Result "1-0"]
[ECO "E73"]
[WhiteElo "2706"]
[BlackElo "2599"]
[Annotator "TA"]
[PlyCount "103"]
[EventDate "2024.05.13"]
[EventType "swiss"]
[EventCountry "UAE"]
[SourceTitle "playchess.com"]
[Source "ChessBase"]
[SourceQuality "1"]
[TimeControl "5400+30"]

1. d4 Nf6 2. c4 g6 3. Nc3 Bg7 4. e4 d6 5. Be2 O-O 6. Be3 a5 {[%emt 0:00:30] E73: King's Indian: Averbakh Variation without 6...c5.} 7. Nf3 Ng4 8. Bg5 h6 9. Bh4 Nf6 10. h3 Nc6 11. d5 $5 $146 {[%emt 0:00:30][%mdl 8] An interesting novelty.} ({Predecessor:} 11. Qd2 g5 12. Bg3 e5 13. dxe5 dxe5 14. Qxd8 Rxd8 15. Nxe5 Nd4 16. Bd1 Re8 17. Ba4 {½-½ Parkhov,Y (2467)-Sokolovsky,Y (2431) ISR-chT Israel 2023 (10.4)}) 11... Nb4 12. Qd2 Nd7 13. a3 Nc5 14. axb4 Nb3 15. Qd1 Nxa1 {[%emt 0:00:30] [#]} 16. b5 $1 c5 17. Qxa1 f5 18. exf5 g5 19. Bg3 a4 20. Qa3 (20. Nxa4 $2 Qa5+ 21. Kf1 Qxa4 $19) 20... Qa5 21. f6 Bxf6 22. Bd3 Qb4 23. Kd2 g4 24. hxg4 Bxg4 25. Kc2 (25. Rxh6 $6 Bxf3 26. Rg6+ (26. gxf3 $2 Bg5+ 27. Kc2 Bxh6 $19) 26... Kf7 $18) 25... Bxf3 26. gxf3 Bxc3 27. Qxc3 Qxc3+ 28. Kxc3 Rxf3 29. Ra1 (29. Rxh6 $2 a3 30. Rh1 axb2 31. Kxb2 Rxd3 $19) 29... Kg7 30. Kd2 h5 31. Ra3 Kh6 32. Ke2 Raf8 {[%emt 0:00:30] [#]} 33. Ra1 $1 (33. Rxa4 Kg5 $16) 33... R3f6 34. f4 ({Don't do} 34. Rxa4 Kg5 35. Ra1 h4) 34... Rg8 35. Kf3 Rff8 (35... Rf7 $142 36. Rxa4 Rfg7) 36. Re1 $18 Rf7 37. Re6+ Kg7 38. Be1 Kf8 39. Rh6 Rfg7 40. Bf2 ({But not} 40. Rxh5 Rg1 $18) 40... Ke8 41. Rxh5 Kd7 (41... a3 $142) 42. b6 $18 Kc8 43. Bc2 Rf8 44. Bxa4 Rgg8 45. Rh7 Rh8 46. Rxe7 Rh3+ 47. Bg3 Rh1 48. Bd7+ (48. f5 $142 Rh3 49. Kg4 Rh6 50. Kg5 Rh1 51. Bxd6 (51. f6 Rf1 $18) 51... Rg1+ 52. Kf4 Rf1+ 53. Ke4) 48... Kd8 $18 49. Rg7 Rf1+ 50. Kg2 Rh8 51. Be6 Rb1 52. Rxb7 1-0

[Event "7th Sharjah Masters 2024"]
[Site "Sharjah"]
[Date "2024.05.17"]
[Round "4.8"]
[White "Nesterov, Arseniy"]
[Black "Fedoseev, Vladimir"]
[Result "0-1"]
[ECO "D37"]
[WhiteElo "2590"]
[BlackElo "2702"]
[Annotator "TA"]
[PlyCount "150"]
[EventDate "2024.05.13"]
[EventType "swiss"]
[EventCountry "UAE"]
[SourceTitle "playchess.com"]
[Source "ChessBase"]
[SourceQuality "1"]
[TimeControl "5400+30"]

1. d4 d5 2. c4 e6 3. Nf3 a6 4. cxd5 exd5 5. Nc3 Nf6 6. Bg5 Be6 7. e3 Nbd7 8. Bd3 Bd6 9. O-O c6 10. Bf4 Bxf4 11. exf4 g6 12. Re1 O-O 13. Qc2 Bg4 14. Ne5 Nxe5 15. fxe5 Nh5 16. Qd2 f6 17. f3 Be6 18. Na4 Qc7 19. Nc5 Rae8 20. Qh6 Ng7 21. exf6 Rxf6 22. Re5 a5 23. Qh4 Rff8 24. Rae1 Bc8 25. Qg5 Rxe5 26. Rxe5 Qd6 27. Qe7 Qxe7 28. Rxe7 b6 29. Na4 Rf4 30. Nxb6 Be6 31. Na4 Rxd4 32. Nc5 Bf5 33. Ba6 Kf8 34. Re2 Kf7 35. Kf2 Rb4 36. g4 Ne6 37. Nb7 Bd3 38. Nd6+ (38. Bxd3 Rxb7 39. Kg3 a4 $17) 38... Ke7 39. Nc8+ (39. Bxd3 $2 Kxd6 40. Rc2 c5 $19) 39... Kd8 40. Bxd3 (40. Rxe6 $2 Rxb2+ (40... Bxa6 $2 41. Na7 $19) 41. Ke1 Bxa6 $19) 40... Nf4 (40... Kxc8 $2 41. Rxe6 Rxb2+ 42. Re2 $18) 41. Na7 $1 Nxd3+ 42. Ke3 Ne5 (42... Nxb2 $2 43. Nxc6+ Kc7 44. Nxb4 Nc4+ 45. Kd4 axb4 46. Kxd5 Nb6+ 47. Kc5 $18) 43. Kf2 $1 Rb7 44. Rxe5 Rxa7 45. Re6 Rb7 46. b3 Rc7 47. h4 Kd7 48. Rf6 Ke7 49. g5 a4 50. b4 c5 51. bxc5 Rxc5 52. Ra6 Rc2+ 53. Ke3 Rxa2 54. Kd4 a3 55. Kxd5 Rd2+ 56. Ke4 a2 57. f4 Rf2 58. Ke3 Rh2 59. Kf3 Kd7 60. Kg4 Rg2+ 61. Kf3 Rc2 62. Kg4 Kc7 63. h5 $2 (63. Kf3 $11 {and White is okay.}) 63... Kb7 $1 $19 64. Ra3 $2 (64. Ra4 Kb6 65. Ra3) 64... Kb6 $19 65. Ra8 Kb5 66. Ra7 {[%emt 0:00:30] [#]} Kb4 $1 67. Rb7+ Kc3 68. Ra7 Kb2 69. Rb7+ Kc1 70. Ra7 Kb1 (70... gxh5+ 71. Kxh5 Kb2 72. Rb7+ Kc3 73. Rc7+ Kb4 74. Ra7 $11) 71. hxg6 hxg6 (71... a1=B $2 {loses.} 72. Rxa1+ (72. gxh7 Bd4 $18) (72. Rxh7 Rc6 $18) 72... Kxa1 73. gxh7 $18) 72. f5 Rc4+ ({Stronger than} 72... a1=B 73. fxg6 Rc8 74. Kh5 $11) 73. Kf3 gxf5 ({And not} 73... a1=B 74. Rb7+ (74. fxg6 Rc6 $11) 74... Kc2 75. fxg6 $11) 74. Rb7+ Kc2 75. Ra7 {[%emt 0:00:30] [#]} Kb2 $1 0-1

[Event "7th Sharjah Masters 2024"]
[Site "Sharjah"]
[Date "2024.05.17"]
[Round "4.9"]
[White "Krzyzanowski, Marcin"]
[Black "Sindarov, Javokhir"]
[Result "0-1"]
[ECO "B45"]
[WhiteElo "2526"]
[BlackElo "2684"]
[Annotator "TA"]
[PlyCount "80"]
[EventDate "2024.05.13"]
[EventType "swiss"]
[EventCountry "UAE"]
[SourceTitle "playchess.com"]
[Source "ChessBase"]
[SourceQuality "1"]
[TimeControl "5400+30"]

1. e4 c5 2. Nf3 e6 3. d4 cxd4 4. Nxd4 Nf6 5. Nc3 Nc6 6. a3 Be7 7. Be3 O-O 8. Be2 d6 9. Qd3 a6 {[%emt 0:00:30] The position is equal.} 10. f4 Qc7 11. O-O-O e5 12. Nf3 Rd8 13. Nd5 Nxd5 14. exd5 exf4 $1 15. Bxf4 Ne5 16. Qb3 Bf5 17. Nd4 Be4 18. Rhe1 Bg6 19. Kb1 Rac8 20. Rd2 (20. g4 $11) 20... Bf6 $15 21. Ka2 Re8 22. Rc1 ({White should play} 22. Bf1 $15) 22... b5 (22... Be4 $142 23. g4 Ng6) 23. Nc6 $17 Nxc6 (23... Qd7 {simplifies} 24. g3 h6 25. Nxe5 Bxe5 26. Bxe5 Rxe5 27. Bd3 Bxd3 28. Qxd3 Qe8) 24. dxc6 Qxc6 25. Bf3 Qc4 (25... Qc7 {simplifies} 26. Bxd6 Qc4 27. Qxc4 Rxc4 28. b3 Rcc8) 26. g3 Be5 $36 {[%emt 0:00:30][%mdl 2048] Black is more active.} 27. Bd5 {[%emt 0:00:30] [#] Now White is beyond hope.} ({White should try} 27. Bxe5 $15 Qxb3+ (27... Rxe5 28. Qxc4 Rxc4 29. b3 $17) 28. Kxb3 dxe5 (28... Rxe5 29. Bb7 $11) 29. c4 (29. Bb7 Rb8 $17)) 27... Bxf4 $1 $19 28. gxf4 (28. Bxc4 $2 {too greedy.} Bxd2 29. Bd3 Bxc1 $19) 28... Qxf4 29. Rcd1 (29. Qb4 {was worth a try.} Qxb4 30. axb4) 29... Rc7 30. Rg2 Kh8 31. c3 Re5 32. Qb4 {[%emt 0:00:30] [#]} Qxb4 33. axb4 f5 34. Bb3 Rd7 35. Rd4 {[%emt 0:00:30][%cal Og2g6] Rxg6! would now be deadly.} d5 36. Rgd2 Bf7 37. c4 bxc4 38. Bxc4 Rd6 ({Worse is} 38... dxc4 39. Rxd7 Bg8 (39... c3+ $2 40. Rxf7 h6 41. bxc3 $18) 40. Kb1 $14) 39. Bd3 g5 40. Rc2 $2 {[%emt 0:00:30] [#]} (40. Ka3) 40... Re4 $1 {[%emt 0:00:30] Weighted Error Value: White=0.36/Black=0.09 (flawless) .  Mistake:       	White=5     	Black=1      Inaccurate:     	---       	Black=2      OK:         	White=6     	Black=15     Strong:       	---       	Black=2      Brilliant:      	---       	Black=1} 0-1

[Event "7th Sharjah Masters 2024"]
[Site "Sharjah"]
[Date "2024.05.17"]
[Round "4.10"]
[White "Ter-Sahakyan, Samvel"]
[Black "Muradli, Mahammad"]
[Result "0-1"]
[ECO "B90"]
[WhiteElo "2652"]
[BlackElo "2561"]
[Annotator "TA"]
[PlyCount "80"]
[EventDate "2024.05.13"]
[EventType "swiss"]
[EventCountry "UAE"]
[SourceTitle "playchess.com"]
[Source "ChessBase"]
[SourceQuality "1"]
[TimeControl "5400+30"]

1. e4 c5 2. Nf3 d6 3. d4 cxd4 4. Nxd4 Nf6 5. Nc3 a6 6. Be3 e5 7. Nb3 Be6 8. h3 {[%emt 0:00:36] B90: Sicilian Najdorf: Unusual White 6th moves, 6 Be3 Ng4 and 6 Be3 e5.} Be7 9. Qf3 O-O 10. O-O-O b5 11. g4 b4 12. Nd5 Nxd5 13. exd5 Bc8 14. Kb1 a5 15. Nd2 a4 16. Ne4 Qc7 17. g5 $146 ({Predecessor:} 17. Bd3 Nd7 18. Rc1 Ba6 19. Qe2 Bxd3 20. Qxd3 Rfb8 21. Rhg1 Nf6 22. f3 g6 23. Nxf6+ Bxf6 {½-½ Glaser,K (2333)-Portych,V (2265) CZE-ch sf55 email 2021}) 17... b3 18. cxb3 axb3 19. Rc1 $1 Qa5 20. a3 Nd7 $1 21. Rg1 Kh8 22. Nf6 g6 (22... gxf6 $2 23. Bd3 Rg8 (23... fxg5 24. Qf5 $18) 24. gxf6 (24. Qf5 Rg6 $15) 24... Nxf6 25. Rxg8+ Kxg8 26. Bh6 $18) (22... Nxf6 $5 23. gxf6 Bxf6 $11) 23. Bd3 Bxf6 $1 24. gxf6 Ba6 25. Be4 Rfc8 (25... Qa4 $1 $11 {remains equal.}) 26. Rc6 $16 Bb5 ({Black should play} 26... Qa4 $1 $14) 27. Rxc8+ $2 (27. Rxd6 Qa4 $14) (27. Rgc1 $1 $16 Qd8 (27... Bxc6 $2 28. dxc6 Nb6 29. h4 $18) 28. h4 (28. Rxd6 Rxc1+ 29. Bxc1 Qc7 $11)) 27... Rxc8 $11 28. h4 (28. Ka1 $15) 28... Qa6 $17 29. Ka1 (29. Bh6 $17 Rc4 30. Ka1) 29... Bd3 (29... Be2 $19 {and Black stays clearly on top.} 30. Qg2 Nxf6) 30. Bxd3 (30. Bh6 $142 Bxe4 31. Qxe4) 30... Qxd3 $17 31. h5 {[%emt 0:00:10] [#]} (31. Qd1 $17 Qc4 32. Rg4) 31... Rc2 $1 $19 32. Rd1 (32. Rb1 $142 Qf5 33. Qxf5 gxf5 34. Rc1 Rxc1+ (34... Nxf6 35. Kb1 $17) 35. Bxc1 Nxf6 36. h6) 32... Qc4 $2 ({Black should try} 32... Rxf2 $1 $19 33. Rxd3 Rxf3 34. Rxb3 gxh5 (34... Nxf6 $2 {loses.} 35. h6 $18)) 33. Rb1 $1 $11 Kg8 {[%emt 0:00:14] [#]} (33... Qa6 $11 {keeps the balance.} 34. Rd1 Kg8) 34. h6 $2 (34. hxg6 $1 $16 {is necessary to keep the advantage.} hxg6 35. Bg5) 34... Kf8 $19 35. Bg5 Ke8 36. Qe3 Nc5 (36... Qxd5 $2 37. Qa7 $19) 37. Qe1 Qa4 (37... Qxd5 $2 38. Qa5 $19) 38. Rd1 Ne4 39. Bc1 Qc4 40. f4 Nf2 (40... Nxf6 41. fxe5 Nxd5 42. exd6+ Kd7 43. Qg1 $17) 0-1

[Event "7th Sharjah Masters 2024"]
[Site "Sharjah"]
[Date "2024.05.17"]
[Round "4.11"]
[White "Zemlyanskii, Ivan"]
[Black "Nguyen, Thai Dai Van"]
[Result "1/2-1/2"]
[ECO "B30"]
[WhiteElo "2516"]
[BlackElo "2650"]
[Annotator "TA"]
[PlyCount "93"]
[EventDate "2024.05.13"]
[EventType "swiss"]
[EventCountry "UAE"]
[SourceTitle "playchess.com"]
[Source "ChessBase"]
[SourceQuality "1"]
[TimeControl "5400+30"]

1. e4 c5 2. Nf3 Nc6 3. Bb5 e6 4. Bxc6 bxc6 5. d3 Qc7 6. O-O Ne7 7. h4 d6 8. h5 h6 9. e5 {[%emt 0:02:48] White is slightly better.} dxe5 10. Re1 g5 11. Nxe5 Bg7 12. Nc4 Ba6 13. Nbd2 Rd8 14. Qf3 O-O 15. Nb3 Nf5 16. c3 Rd5 17. Ne3 $1 Re5 (17... Rxd3 18. Nxc5 Rxe3 (18... Nh4 $2 19. Qe4 $18) 19. Bxe3 $18) 18. Rd1 Rd8 19. c4 $1 Nh4 20. Qh3 f5 {[%emt 0:13:53] [#]} (20... Nf5 $11) 21. f4 $1 gxf4 $11 {[%emt 0:01:44] And now ...Bf6 would win.} 22. Nf1 Qe7 $132 {[%emt 0:00:27][%mdl 2048] ...Re2 is the strong threat. Black has counterplay} 23. Bxf4 {[%emt 0:07:19][%cal Od1d2] Black must now prevent Rd2!} Re2 24. Rd2 Nxg2 $1 25. Bg3 Rxd2 26. Nbxd2 f4 (26... Bxb2 $2 27. Qxg2 Kh7 28. Rb1 Bd4+ 29. Kh1 $18) 27. Bf2 Ne3 (27... Bxb2 28. Rb1 (28. Qxg2+ Kh8 $15) 28... Ne3 29. Rxb2 Qg7+ 30. Kh1 (30. Ng3 $2 Nf5 $19) 30... Nxf1 31. Nxf1 Qxb2 32. Qxe6+ (32. Bxc5 $2 Qe2 $19) 32... Kh8 33. Qxh6+ Kg8 34. Qg5+ (34. Bxc5 $2 Qe5 $19) 34... Kh7 35. Qg6+ (35. Qxd8 Qxf2 36. Qd7+ Kh6 $11) 35... Kh8 36. Bh4 $18 (36. Bxc5 $2 Qe5 $19)) 28. Bh4 $1 Bf6 29. Bxf6 Qxf6 30. Nxe3 fxe3 31. Qxe3 {[%emt 0:01:35][%cal Oa1f1] With the idea Rf1!} Qf5 (31... Kh8 $1 $11 32. Rf1 Rg8+ 33. Kh2 Qh4+ 34. Qh3 Qg5) 32. Rf1 (32. Qxh6 $2 {loses.} Rxd3 33. Kg2 Qh3+ 34. Kf2 Rg3 $19) ({Better is} 32. Qg3+ $16 Kh8 33. Rf1 Qxh5 (33... Rg8 34. Qxg8+ Kxg8 35. Rxf5 $16) 34. Kf2) 32... Rxd3 {[%emt 0:01:48][%cal Bd8d3,Bd3e3,Be3e2,Be2b2,Bb2a2,Ba2a4][%mdl 32] The position is equal.} 33. Rxf5 Rxe3 34. Rxc5 {[%emt 0:02:45][%mdl 4096] Endgame. KRB-KRN} Re2 35. Nb3 Rxb2 36. Rxc6 Rxa2 37. Nd4 Ra4 38. Rxe6 Bxc4 39. Rg6+ Kh7 40. Nf5 Ra6 41. Nxh6 Rxg6+ 42. hxg6+ Kxh6 {[%emt 0:00:08] KB-KP} (42... Kxg6 $5 43. Ng4 $8 Bb5 $11) 43. Kf2 a5 (43... Kxg6 $2 44. Ke3 $19) 44. Ke3 a4 (44... Kxg6 45. Kd4 Bf7 46. Kc5 $19) 45. Kd2 a3 {[%emt 0:00:10][%cal Oa3a2] ( -> ...a2!)} (45... Kxg6 $2 46. Kc1 $19) 46. Kc2 Ba2 (46... Kxg6 $2 47. Kb1 $19) 47. Kc3 {[%emt 0:00:05] Weighted Error Value: White=0.08 (flawless) /Black=0.09 (flawless) .  Mistake:       	White=2     	Black=2      Inaccurate:     	---       	Black=1      OK:         	White=17    	Black=18     Best:        	White=4     	Black=3      Strong:       	White=3     	Black=1} 1/2-1/2